 Dungeon Crawl Stone Soup version 0.19-a0-1166-g02d67b9 (webtiles) character file.

845 Gagarin the Digger (level 8, 0/43 HPs)
             Began as a Gargoyle Earth Elementalist on Aug 14, 2016.
             Was a Follower of Sif Muna.
             Slain by a hobgoblin
             ... wielding a +0 club
             ... led by Robin
              (3 damage)
             ... on level 4 of the Dungeon.
             The game lasted 00:22:42 (5229 turns).

Gagarin the Digger (Gargoyle Earth Elementalist)    Turns: 5229, Time: 00:22:43

Health: 0/43       AC:  8    Str: 12    XL:     8   Next: 0%
Magic:  2/15       EV: 13    Int: 18    God:    Sif Muna [*.....]
Gold:   132        SH:  3    Dex: 10    Spells: 5 memorised, 1 level left

rFire  . . .     SeeInvis .     x - +0 flail (pain)
rCold  + . .     Gourm    .     t - +0 leather armour
rNeg   + . .     Faith    .     (no shield)
rPois  ∞         Spirit   .     (helmet restricted)
rElec  +         Dismiss  .     (no cloak)
rCorr  .         Reflect  +     (no gloves)
MR     +....     Harm     .     (no boots)
Stlth  ++........               C - +3 amulet of reflection
                                (no ring)
                                q - ring of wizardry

@: no status effects
A: antennae 1, cold resistance 1, magic resistance 1, negative energy resistance
1, electricity resistance, unbreathing, petrification resistance, rot immunity,
AC +5
a: Divine Energy, Renounce Religion


You were on level 4 of the Dungeon.
You worshipped Sif Muna.
Sif Muna was aware of your devotion.
You were very hungry.

You visited 2 branches of the dungeon, and saw 5 of its levels.

You collected 132 gold pieces.

Inventory:

Hand Weapons
 x - a +0 flail of pain (weapon)
Missiles
 b - 57 stones (quivered)
Armour
 c - a +0 robe
 r - a +2 plate armour of positive energy
 t - a +0 leather armour (worn)
Jewellery
 q - a ring of wizardry (left hand)
 v - an uncursed ring of fire
 C - a +3 amulet of reflection (around neck)
 D - an uncursed ring of ice
Wands
 E - a wand of teleportation (4/9)
Scrolls
 f - 2 scrolls of identify
 j - 3 scrolls of remove curse {unknown}
 k - a scroll of teleportation {unknown}
 l - 2 scrolls of recharging
 m - a scroll of enchant armour {unknown}
 o - 2 scrolls of amnesia {unknown}
 B - a scroll of noise {unknown}
 F - 3 scrolls of blinking {unknown}
Potions
 g - a potion of might
 h - a potion of curing
 s - 2 potions of brilliance {unknown}
 u - a potion of heal wounds {unknown}
 z - a potion of flight {unknown}
 A - a potion of lignification {unknown}
Books
 e - a book of Geomancy

   Spells                             Type                      Level
   a - Sandblast                      Earth                        1
   b - Passwall                       Transmutation/Earth          2
   c - Stone Arrow                    Conjuration/Earth            3
   d - Petrify                        Transmutation/Earth          4
   e - Lee's Rapid Deconstruction     Earth                        5
Comestibles
 a - 4 chunks of flesh
 d - 3 bread rations
 n - a meat ration
 p - a beef jerky
 w - a slice of pizza


   Skills:
 + Level 1.4 Fighting
 + Level 1.2 Maces & Flails
 + Level 4.0 Dodging
 + Level 2.9 Stealth
 + Level 4.6 Spellcasting
 + Level 2.0 Conjurations
 + Level 0.7 Transmutations
 + Level 6.4 Earth Magic


You had one spell level left.
You knew the following spells:

 Your Spells              Type           Power        Failure   Level  Hunger
a - Sandblast             Erth           ####..       1%          1    None
b - Stone Arrow           Conj/Erth      ###...       4%          3    ###....
c - Passwall              Tmut/Erth      ###.......   3%          2    #......
d - Lee's Rapid Deconstr  Erth           ####......   14%         5    ######.
e - Petrify               Tmut/Erth      ###.....     19%         4    ####...


Dungeon Overview and Level Annotations

Branches:
Dungeon (4/15)             Temple (1/1) D:4

Altars:
Elyvilon
Hepliaklqana
Makhleb
Ru
Sif Muna
Xom

Annotations:
D:4 Robin


Innate Abilities, Weirdness & Mutations

You are resistant to torment.
Your stone body is resilient. (AC +5)
You are immune to poison.
You resist negative energy. (rN+)
You are resistant to electric shocks. (rElec)
You can survive without breathing.
You are immune to petrification.
You are immune to rotting.
You have a pair of small antennae on your head.
Your flesh is cold resistant. (rC+)
You are resistant to hostile enchantments. (MR+)


Message History

The hobgoblin hits you but does no damage.
Robin zaps a wand.
The puff of flame hits you!
* * * LOW HITPOINT WARNING * * *
Casting: Passwall
Confirm with . or Enter, or press ? or * to list all spells.
Which direction?
The hobgoblin misses you. The hobgoblin closely misses you.
The hobgoblin completely misses you. Robin misses you.
You begin to meditate on the wall.
You continue meditating on the rock.
The hobgoblin no longer looks unusually strong. x2
The phantom blinks!
The hobgoblin barely misses you. The hobgoblin misses you. x2
Robin barely misses you.
You continue meditating on the rock.
The hobgoblin closely misses you. The hobgoblin hits you.
* * * LOW HITPOINT WARNING * * *
The hobgoblin closely misses you.
You continue meditating on the rock.
You block Robin's attack. The hobgoblin barely misses you.
The hobgoblin hits you with a club.
You die...

# ...........## #..
............# #.#
...$........###.#
.............##)#
..............#.##
.............)...## #
..................## #
.......ggg.#..##...##
#
......)g@##..####...##
## .....†####..##
##...## .# ..†.##
#..## ##...## .# ##
#.## ##...## .# .#
##...# .## .# ##...
..# .. ##... ..# ..
##.... .## ... #.....


You could see Robin and 3 hobgoblins.

Vanquished Creatures
  A sky beast (D:4)
  3 ogres (D:4)
  A scorpion (D:2)
  A hound (D:2)
  3 orc priests
  4 orc wizards
  An iguana (D:4)
  7 adders
  An ooze (D:1)
  4 worms
  3 dart slugs
  10 orcs
  A ball python (D:3)
  10 bats
  7 giant cockroaches
  14 goblins
  10 hobgoblins
  4 jackals (D:2)
  6 kobolds
  3 quokkas
  2 giant newts
  11 rats
107 creatures vanquished.

Notes
Turn   | Place    | Note
-------+----------+-------------------------------------------
     0 | D:1      | Gagarin the Gargoyle Earth Elementalist began the quest for the Orb.
     0 | D:1      | Reached XP level 1. HP: 10/10 MP: 3/3
    87 | D:1      | Reached XP level 2. HP: 15/15 MP: 1/5
   434 | D:1      | Reached skill level 4 in Earth Magic
   648 | D:1      | Reached XP level 3. HP: 19/19 MP: 4/6
   653 | D:1      | Learned a level 3 spell: Stone Arrow
  1261 | D:2      | Reached XP level 4. HP: 19/24 MP: 4/8
  1768 | D:2      | Found a burning altar of Makhleb.
  2383 | D:2      | Reached XP level 5. HP: 28/28 MP: 2/9
  2614 | D:2      | Learned a level 2 spell: Passwall
  2933 | D:3      | Gained mutation: Your flesh is cold resistant. (rC+) [potion of mutation]
  2933 | D:3      | Gained mutation: You have a pair of small antennae on your head. [potion of mutation]
  2933 | D:3      | Gained mutation: You are resistant to hostile enchantments. (MR+) [potion of mutation]
  3129 | D:2      | Reached skill level 1 in Conjurations
  3211 | D:3      | Reached skill level 5 in Earth Magic
  3435 | D:3      | Reached XP level 6. HP: 33/33 MP: 3/10
  4281 | D:4      | Found a staircase to the Ecumenical Temple.
  4304 | D:4      | Noticed a sky beast
  4307 | Temple   | Entered the Ecumenical Temple
  4316 | Temple   | Became a worshipper of Sif Muna the Loreminder
  4354 | D:4      | Killed a sky beast
  4354 | D:4      | Reached skill level 1 in Fighting
  4354 | D:4      | Reached skill level 1 in Maces & Flails
  4354 | D:4      | Reached XP level 7. HP: 10/38 MP: 2/12
  5105 | D:4      | Reached skill level 6 in Earth Magic
  5194 | D:4      | Learned a level 5 spell: Lee's Rapid Deconstruction
  5199 | D:4      | Learned a level 4 spell: Petrify
  5209 | D:4      | Noticed Robin
  5212 | D:4      | Reached * piety under Sif Muna
  5212 | D:4      | Reached XP level 8. HP: 42/43 MP: 3/15
  5229 | D:4      | Slain by a hobgoblin

Vault maps used:
D:1:      mrwooster_arrival_arrow
D:2:      st_stairs_4, makhleb_heckhound_becter
D:3:      first_bread, minmay_quantized
D:4:      uniq_robin
Temple:   nicolae_temple_the_god_donut

Skill      XL: |  1  2  3  4  5  6  7 |
---------------+----------------------+-----
Earth Magic    | 4 5 6 |  6.4
Dodging        | 2 3 4 |  4.0
Spellcasting   | 3 4 |  4.6
Conjurations   | 1 2 |  2.0
Fighting       | 1 |  1.4
Maces & Flails | 1 |  1.2
Stealth        | |  2.9
Transmutations | |  0.7

Action                   |  1- 3 |  4- 6 |  7- 9 || total
-------------------------+-------+-------+-------++-------
Melee: Club              |    50 |   157 |       ||   207
       Flail             |       |    55 |    11 ||    66
       Mace              |       |    20 |       ||    20
 Cast: Sandblast         |    23 |    23 |    17 ||    63
       Stone Arrow       |     5 |    43 |     5 ||    53
       Passwall          |       |     1 |     2 ||     3
       Lee's Rapid Decon |       |       |     2 ||     2
  Use: Potion            |       |     6 |       ||     6
       Scroll            |       |     2 |       ||     2
 Stab: Sleeping          |       |     3 |       ||     3
  Eat: Chunk             |     2 |    16 |     3 ||    21
Armor: Robe              |    28 |   129 |     1 ||   158
       Leather armour    |       |       |     6 ||     6
Dodge: Dodged            |    65 |   254 |    34 ||   353
Block: Other             |       |     7 |     3 ||    10
